 Dungeon Crawl Stone Soup version 0.24.0-1-gfbc8707 (webtiles) character file.

Game seed: 14005874890686997621, levelgen mode: deterministic

609 Buxparty the Covert (level 7, -1/33 HPs)
             Began as a Spriggan Assassin on Dec 31, 2019.
             Slain by a mummy (8 damage)
             ... in an ossuary.
             The game lasted 00:20:42 (5280 turns).

Buxparty the Covert (Spriggan Assassin)             Turns: 5280, Time: 00:20:43

Health: -1/33      AC:  2    Str:  9    XL:     7   Next: 19%
Magic:  8/8        EV: 17    Int: 12    God:
Gold:   223        SH:  0    Dex: 18    Spells: 6/6 levels left

rFire    . . .     SeeInvis +   a - +2 dagger
rCold    . . .     Gourm    .   (shield restricted)
rNeg     . . .     Faith    .   j - +0 robe
rPois    .         Spirit   .   (helmet restricted)
rElec    .         Reflect  .   h - scarf {repulsion}
rCorr    .         Harm     .   (gloves unavailable)
MR       +....     Rnd*Tele +   (boots unavailable)
Stlth    +++++.....             d - amulet of rage
HPRegen  0.11/turn              m - ring of teleportation (curse)
MPRegen  0.11/turn              (no ring)

@: repel missiles, very quick
A: very small, unfitting armour, horns 2, see invisible, herbivore, speed 3,
slow metabolism 2
a: Evoke Berserk Rage


You were in an ossuary.
You were not hungry.

You visited 1 branch of the dungeon, and saw 5 of its levels.
You also visited: Ossuary.

You collected 223 gold pieces.

Inventory:

Hand Weapons
 a - a +2 dagger (weapon)
 b - a +0 hunting sling
Missiles
 e - a curare-tipped dart
 p - 22 poisoned darts (quivered)
Armour
 c - a +0 cloak
 h - a scarf of repulsion (worn)
 j - a +0 robe (worn)
Jewellery
 d - an amulet of rage (around neck)
 m - a cursed ring of teleportation (left hand)
Scrolls
 i - 2 scrolls of enchant weapon
 l - 6 scrolls of identify
 n - a scroll of teleportation
Potions
 g - 2 potions of haste {unknown}
 k - a potion of curing {unknown}
 o - a potion of lignification {unknown}
Comestibles
 f - 7 rations


   Skills:
 - Level 1.5 Fighting
 + Level 6.3 Short Blades
 - Level 2.0 Throwing
 - Level 1.5 Dodging
 + Level 10.3 Stealth


You had 6 spell levels left.
You didn't know any spells.
Your spell library was empty.

Dungeon Overview and Level Annotations

Branches:
Dungeon (5/15)            Ossuary (1/1)
 Temple: D:4-7

Altars:

Annotations:
D:4 Pikel


Innate Abilities, Weirdness & Mutations

You are very small and have problems with some larger weapons.
You are too small for most types of armour.
You have supernaturally acute eyesight. (SInv)
You are a herbivore.
You cover ground extremely quickly.
You need to consume almost no food.
You have a pair of horns on your head.


Message History

The mummy hits you!!
Ouch! That really hurt!
* * * LOW HITPOINT WARNING * * *
There is an empty arch of ancient stone here. 2 zombies come into view.
You hit the hobgoblin zombie. You headbutt the hobgoblin zombie.
The hobgoblin zombie is heavily damaged.
You hit the hobgoblin zombie.
You headbutt the hobgoblin zombie, but do no damage.
The hobgoblin zombie is heavily damaged.
The hobgoblin zombie closely misses you.
You hit the hobgoblin zombie.
The hobgoblin zombie is severely damaged.
You barely miss the hobgoblin zombie.
The hobgoblin zombie is severely damaged.
The hobgoblin zombie barely misses you.
You hit the hobgoblin zombie.
You destroy the hobgoblin zombie!
The mummy hits you!
You die...

#
Z#.###########
...........(.##
....^.........#
.....Z∩@MM....#
.........M....#
....^........##
Z#.###########
#


You could see 3 mummies, a big kobold zombie and 2 centaur zombies.

Vanquished Creatures
  Grinder (D:4)
  An ogre (D:4)
  A bullfrog zombie (D:5)
  A jelly (D:4)
  2 worker ants (D:4)
  2 orc wizards (D:4)
  Robin (D:3)
  6 adders
  An ooze (D:3)
  2 worms
  2 dart slugs
  3 leopard geckos
  9 orcs
  9 bats
  8 giant cockroaches
  12 goblins
  7 hobgoblins
  6 jackals
  5 kobolds
  A quokka (D:4)
  2 ball pythons
  4 frilled lizards
  A hobgoblin zombie (Ossuary)
  A leopard gecko skeleton (D:4)
  8 rats
96 creatures vanquished.

Notes
Turn   | Place    | Note
-------+----------+-------------------------------------------
     0 | D:1      | Buxparty the Spriggan Assassin began the quest for the Orb.
     0 | D:1      | Reached XP level 1. HP: 10/10 MP: 2/2
    44 | D:1      | Reached skill level 6 in Stealth
   246 | D:1      | Reached XP level 2. HP: 14/14 MP: 3/3
   940 | D:2      | Reached XP level 3. HP: 18/18 MP: 4/4
  1198 | D:2      | Reached skill level 7 in Stealth
  1431 | D:2      | Reached XP level 4. HP: 15/22 MP: 5/5
  1744 | D:3      | Noticed Robin
  1834 | D:3      | Killed Robin
  2762 | D:3      | Reached skill level 8 in Stealth
  2763 | D:3      | Reached XP level 5. HP: 5/25 MP: 6/6
  2767 | D:3      | Gained mutation: You have a pair of small horns on your
                  | head. [potion of mutation]
  2767 | D:3      | Gained mutation: You have a pair of horns on your head.
                  | [potion of mutation]
  3904 | D:4      | Noticed Grinder
  4248 | D:4      | Reached skill level 5 in Short Blades
  4264 | D:4      | Reached skill level 9 in Stealth
  4264 | D:4      | Reached XP level 6. HP: 21/30 MP: 7/7
  4620 | D:4      | Killed Grinder
  4914 | D:4      | Noticed Pikel
  4914 | D:4      | Noticed a slave
  4914 | D:4      | Noticed a slave
  4914 | D:4      | Noticed a slave
  4914 | D:4      | Noticed a slave
  5074 | D:4      | Reached skill level 10 in Stealth
  5074 | D:4      | Reached XP level 7. HP: 33/33 MP: 8/8
  5201 | D:5      | Entered Level 5 of the Dungeon
  5253 | D:5      | Found a sand-covered staircase.
  5262 | Ossuary  | Entered an ossuary
  5280 | Ossuary  | Slain by a mummy

Levels and vault maps discovered:
D:1:      elethiomel_arrival_maze, layout_basic, serial_park_tiny_pond
D:2:      layout_loops_ring, first_ration, kennysheep_generic_room_7
D:3:      layout_rooms, uniq_robin
D:4:      layout_loops_ring, uniq_pikel, uniq_grinder
D:5:      layout_basic, nicolae_gozag_seed_capital,
          nicolae_ossuary_entry_monument, portal_sewer_entry_e
Ossuary:  ossuary_the_hunt_dpeg

Skill      XL: |  1  2  3  4  5  6 |
---------------+-------------------+-----
Stealth        | 6 7 8 9 10 | 10.3
Short Blades   | 3 4 5 6 |  6.3
Fighting       | |  1.5
Throwing       | |  2.0
Dodging        | |  1.5

Action                   |  1- 3 |  4- 6 |  7- 9 || total
-------------------------+-------+-------+-------++-------
Melee: Dagger            |    95 |   206 |    14 ||   315
       Headbutt          |       |    21 |     7 ||    28
Throw: Dart              |       |    51 |     1 ||    52
  Use: Scroll            |     2 |     3 |       ||     5
       Potion            |       |     5 |       ||     5
 Stab: Sleeping          |    10 |     8 |       ||    18
  Eat: Ration            |       |     1 |       ||     1
Armor: Robe              |    10 |    17 |     1 ||    28
Dodge: Dodged            |    70 |   108 |     5 ||   183
       Deflected         |       |     2 |       ||     2
